 Dungeon Crawl Stone Soup version 0.29.0-4-gdea44cf6ec (webtiles) character file.

Game seed: 9128005342289284476

452 qw the Chopper (level 7, -4/41 HPs)
             Began as a Tengu Warper on Aug 28, 2022.
             Slain by a black bear (13 damage)
             ... on level 4 of the Dungeon.
             The game lasted 00:00:30 (3974 turns).

qw the Chopper (Tengu Warper)                       Turns: 3974, Time: 00:00:30

Health: -4/41      AC:  1    Str: 13    XL:     7   Next: 4%
Magic:  11/11      EV:  7    Int: 14    God:
Gold:   78         SH:  0    Dex: 13    Spells: 10/10 levels left

rFire   . . .      SeeInvis .   a - +2 hand axe (vamp)
rCold   . . .      Faith    .   (no shield)
rNeg    . . .      Spirit   .   j - +1 chain mail "Bograer" {Rampage *Corrode Regen+ Stlth+}
rPois   .          Reflect  .   (helmet restricted)
rElec   .          Harm     .   (no cloak)
rCorr   .          Rampage  +   (no gloves)
Will    .....                   (boots unavailable)
Stlth   ..........              (no amulet)
HPRegen 0.93/turn               (no ring)
MPRegen 0.12/turn               (no ring)

@: corroded, flying quickly and evasively, quick
A: beak, talons 3, nimble flight
a: no special abilities


You were on level 4 of the Dungeon.
You visited 1 branch of the dungeon, and saw 4 of its levels.

You collected 130 gold pieces.
You spent 52 gold pieces at shops.


Innate Abilities, Weirdness & Mutations

You have a beak for a mouth.
You have claws for feet.
Your magical nature lets you fly swiftly and evasively.


   Skills:
 - Level 3.5 Fighting
 + Level 7.0 Axes
 - Level 1.0 Throwing
 - Level 2.1 Armour
 - Level 2.1 Dodging
 - Level 2.0 Spellcasting
 - Level 2.4 Translocations


You had 10 spell levels left.
You didn't know any spells.
Your spell library contained the following spells:

 Spells                   Type           Power      Damage    Failure   Level
 Blink                    Tloc           16%        N/A       99%         2
 Gell's Gravitas          Tloc           8%         N/A       100%        3
 Lesser Beckoning         Tloc           8%         N/A       100%        3
 Teleport Other           Tloc           8%         N/A       100%        3
 Manifold Assault         Tloc           8%         N/A       100%        5

Inventory:

Hand Weapons
 a - a +2 vampiric hand axe (weapon)
 k - a +0 morningstar
Missiles
 e - 3 boomerangs (quivered)
Armour
 j - the +1 chain mail "Bograer" (worn) {Rampage *Corrode Regen+ Stlth+}
   (You found it on level 2 of the Dungeon)

   Regen:     It increases your rate of health regeneration.
   *Corrode:  It may corrode you when you take damage.
   Rampage:   It bestows one free step when moving towards enemies.
   Stlth:     It makes you more stealthy.
Scrolls
 b - 2 scrolls of identify
 c - a scroll of teleportation {unknown}
 g - 2 scrolls of brand weapon
Potions
 d - a potion of might {unknown}
 h - a potion of curing {unknown}
 i - a potion of mutation {unknown}

Dungeon Overview and Level Annotations

Branches:
Dungeon (4/15)
 Temple: D:4-7

Altars:
Kikubaaqudgha
Xom

Shops:
D:3 (


Message History

The black bear bites you but does no damage.
The black bear barely misses you. The black bear claws you.
Your corrosive artefact corrodes you!
You barely miss the black bear.
The black bear is heavily wounded.
The black bear bites you! The black bear claws you. x2
You hit the black bear.
You claw the black bear, but do no damage.
You peck the black bear, but do no damage.
The black bear is severely wounded.
The black bear goes berserk!
You barely miss the black bear.
The black bear is severely wounded.
The black bear completely misses you. x2; The black bear claws you.
The black bear bites you. The black bear claws you. x2
3970 ||| DRINKING 2 potions of heal wounds.
You feel much better. The black bear bites you! The black bear claws you.
The black bear barely misses you.
You barely miss the black bear.
The black bear is severely wounded.
The black bear bites you. The black bear barely misses you. x2
You hit the black bear but do no damage.
You claw the black bear, but do no damage.
Your peck misses the black bear.
The black bear is severely wounded.
The black bear barely misses you. The black bear closely misses you.
The black bear claws you but does no damage.
The black bear bites you. The black bear completely misses you.
The black bear claws you but does no damage.
3973 ||| DRINKING potion of heal wounds.
You feel much better. The black bear bites you!
The black bear completely misses you. The black bear claws you.
You hit the black bear but do no damage.
Your peck misses the black bear.
The black bear is severely wounded.
The black bear barely misses you. x2; The black bear claws you.
The black bear bites you!
You die...

)....... .......
............
....... ....
#.[.... ..!....
.......##.....
......
...............
#....
#...........##. ...
##...)......##..
#h##...............
#@...#......##....
##....#...#........
#.........#.....##.
##.......###....##.
####....###.......
##....#.........
#.........#.....
##.........###...
#.....#######..<.


You could see a black bear (berserk).

Vanquished Creatures
  An ice beast (D:4)
  2 vampire bats (D:3)
  Natasha (thrice) (D:2)
  An orc wizard (D:4)
  6 adders
  2 worms
  2 dart slugs (D:1)
  15 orcs
  8 ball pythons
  4 bat skeletons (D:3)
  3 bat zombies (D:3)
  7 endoplasms
  7 giant cockroaches
  11 goblins
  7 hobgoblins
  7 kobolds
  8 quokkas
  5 bats
  4 frilled lizards
  5 rats
108 creatures vanquished.

Vanquished Creatures (others)
  10 plants (D:2)
10 creatures vanquished.

Grand Total: 118 creatures vanquished

Notes
Turn   | Place    | Note
-------+----------+-------------------------------------------
     0 | D:1      | qw the Tengu Warper began the quest for the Orb.
     0 | D:1      | Reached XP level 1. HP: 12/12 MP: 4/4
     0 | D:1      | 0 ||| qw: Version: 0.1-a-89-g26bdef1
     0 | D:1      | 0 ||| qw: Game counter: 1924
     0 | D:1      | 0 ||| qw: Always use a shield: true
     0 | D:1      | 0 ||| qw: God list: Okawaru
     0 | D:1      | 0 ||| qw: Allow faded altars: false
     0 | D:1      | 0 ||| qw: Do Orc after D:15 true
     0 | D:1      | 0 ||| qw: Do second Lair branch before Depths: true
     0 | D:1      | 0 ||| qw: Lair rune preference: random
     0 | D:1      | 0 ||| qw: Plans: Normal
     0 | D:1      | 0 ||| PLANNING D:1-11
   140 | D:1      | 140 ||| READING scroll labelled CUASAOKEEM.
   141 | D:1      | 141 ||| DROPPING scroll of blinking.
   142 | D:1      | 142 ||| Stepping randomly (stuck).
   157 | D:1      | Reached XP level 2. HP: 13/17 MP: 6/6
   240 | D:1      | Reached skill level 3 in Axes
   449 | D:1      | 449 ||| SWAPPING to +2 vampiric hand axe.
   450 | D:1      | 450 ||| DROPPING +0 hand axe.
   464 | D:1      | 464 ||| Stepping ~*~*~tactically~*~*~ (stealth).
   466 | D:1      | 466 ||| Stepping ~*~*~tactically~*~*~ (stealth).
   471 | D:1      | 471 ||| Stepping ~*~*~tactically~*~*~ (hiding).
   510 | D:1      | Reached XP level 3. HP: 21/21 MP: 7/7
   618 | D:1      | 618 ||| DROPPING +0 club.
   706 | D:1      | Reached skill level 4 in Axes
   938 | D:1      | 938 ||| Stepping ~*~*~tactically~*~*~ (hiding).
  1054 | D:1      | Found a faded altar of an unknown god.
  1445 | D:1      | 1445 ||| UPGRADING to +0 chain mail.
  1455 | D:1      | 1455 ||| DROPPING +0 leather armour.
  1456 | D:1      | 1456 ||| READING scroll labelled AXUEKK RUSEW.
  1457 | D:1      | 1457 ||| READING scroll labelled REIROU QARAOJA.
  1547 | D:2      | Noticed Natasha
  1548 | D:2      | 1548 ||| Stepping ~*~*~tactically~*~*~ (hiding).
  1557 | D:2      | Killed Natasha
  1558 | D:2      | Reached XP level 4. HP: 19/26 MP: 8/8
  1729 | D:2      | Found a shimmering altar of Xom.
  1875 | D:2      | Reached skill level 5 in Axes
  1952 | D:2      | 1952 ||| Stepping ~*~*~tactically~*~*~ (water).
  2039 | D:2      | Noticed Natasha
  2040 | D:2      | 2040 ||| Stepping ~*~*~tactically~*~*~ (hiding).
  2049 | D:2      | Killed Natasha
  2050 | D:2      | Gained mutation: Your magical nature lets you fly swiftly
                  | and evasively. [Tengu growth]
  2050 | D:2      | Reached XP level 5. HP: 13/30 MP: 9/9
  2060 | D:2      | 2060 ||| Stepping ~*~*~tactically~*~*~ (stealth).
  2061 | D:2      | 2061 ||| Stepping ~*~*~tactically~*~*~ (stealth).
  2342 | D:2      | Identified the +1 chain mail "Bograer" {Rampage *Corrode
                  | Regen+ Stlth+}
  2378 | D:2      | 2378 ||| Stepping ~*~*~tactically~*~*~ (hiding).
  2380 | D:2      | 2380 ||| Stepping ~*~*~tactically~*~*~ (hiding).
  2382 | D:2      | 2382 ||| Stepping ~*~*~tactically~*~*~ (hiding).
  2383 | D:2      | 2383 ||| Stepping ~*~*~tactically~*~*~ (hiding).
  2645 | D:2      | Reached skill level 6 in Axes
  2778 | D:2      | Noticed Natasha
  2788 | D:2      | Killed Natasha
  2932 | D:2      | 2932 ||| UPGRADING to +1 chain mail "Bograer" {Rampage
                  | *Corrode Regen+ Stlth+}.
  2942 | D:2      | 2942 ||| DROPPING +0 chain mail.
  2943 | D:2      | 2943 ||| READING scroll labelled CURIRO XUOTS.
  2944 | D:2      | 2944 ||| READING scroll labelled KOHAFF SURYTZ.
  2945 | D:2      | 2945 ||| DRINKING 2 glowing pink potions.
  2946 | D:2      | 2946 ||| READING 2 scrolls of identify.
  2946 | D:2      | 2946 ||| IDENTIFYING fizzy cyan potion
  2947 | D:2      | 2947 ||| DROPPING potion of attraction.
  3071 | D:3      | Found an ancient bone altar of Kikubaaqudgha.
  3074 | D:3      | Reached XP level 6. HP: 35/35 MP: 10/10
  3164 | D:3      | 3164 ||| Stepping ~*~*~tactically~*~*~ (stealth).
  3166 | D:3      | 3166 ||| Stepping ~*~*~tactically~*~*~ (hiding).
  3169 | D:3      | 3169 ||| Stepping ~*~*~tactically~*~*~ (hiding).
  3187 | D:3      | 3187 ||| DROPPING +0 whip.
  3204 | D:3      | 3204 ||| Stepping ~*~*~tactically~*~*~ (stealth).
  3482 | D:3      | Found Yponagei's Weapon Shoppe.
  3489 | D:3      | 3489 ||| BUYING +0 morningstar (52 gold).
  3489 | D:3      | Bought a +0 morningstar for 52 gold pieces
  3489 | D:3      | 3489 ||| DROPPING +3 mace.
  3538 | D:3      | Reached skill level 7 in Axes
  3695 | D:3      | 3695 ||| READING 3 scrolls labelled COAFO GIEGH.
  3696 | D:3      | 3696 ||| READING scroll labelled JYAPLU YPIFOHOYTRO.
  3718 | D:4      | 3718 ||| STAIRDANCE
  3723 | D:4      | 3723 ||| STAIRDANCE
  3736 | D:4      | 3736 ||| STAIRDANCE
  3864 | D:4      | Noticed an ice beast
  3877 | D:4      | Killed an ice beast
  3878 | D:4      | Reached skill level 3 in Fighting
  3878 | D:4      | Reached XP level 7. HP: 29/41 MP: 11/11
  3959 | D:4      | 3959 ||| Stepping ~*~*~tactically~*~*~ (stealth).
  3969 | D:4      | HP: 10/41 [black bear (1)]
  3970 | D:4      | 3970 ||| DRINKING 2 potions of heal wounds.
  3973 | D:4      | 3973 ||| DRINKING potion of heal wounds.
  3974 | D:4      | HP: 9/41 [black bear (6)]
  3974 | D:4      | Slain by a black bear

Levels and vault maps discovered:
D:1:      dpeg_arrival_prison, layout_basic,
          hellmonk_ecumenical_altar_defaced_shrine, kennysheep_nondescript,
          feat_on_display
D:2:      wad_lake_hut, layout_basic, basic_altar, chequers_decorated_corner,
          uniq_natasha
D:3:      layout_basic, kennysheep_vampire_church, serial_shops, shop,
          st_stairs_12, eino_curves_03
D:4:      layout_cave_pools, nicolae_uskayaw_suspiria

Skill      XL: |  1  2  3  4  5  6 |
---------------+-------------------+-----
Axes           | 3 4 5 6 7 |  7.0
Armour         | 2 |  2.1
Fighting       | 3 |  3.5
Throwing       | |  1.0
Dodging        | |  2.1
Spellcasting   | |  2.0
Translocations | |  2.4

Action                   |  1- 3 |  4- 6 |  7- 9 || total
-------------------------+-------+-------+-------++-------
Melee: Hand axe          |    82 |   162 |    13 ||   257
       Kick              |    20 |    30 |     5 ||    55
       Peck              |     9 |    21 |     1 ||    31
       Punch             |       |     1 |       ||     1
Throw: Boomerang         |     7 |    17 |     3 ||    27
  Use: Scroll            |     3 |     5 |       ||     8
       Potion            |       |     1 |     2 ||     3
Armor: Leather armour    |    11 |       |       ||    11
       Chain mail        |     5 |   105 |    10 ||   120
Dodge: Dodged            |    30 |    55 |    13 ||    98

Table legend:
 A = Non-vault XP
 B = Vault XP
 C = Vault XP percentage of total XP
 D = Non-vault monster count
 E = Vault monster count
 F = Vault count percentage of total count
                 A         B        C        D         E       F
            +---------+---------+-------+---------+---------+-------
      Total |     471 |     175 |  27.1 |      91 |      17 |  15.7
            +---------+---------+-------+---------+---------+-------
        D:1 |      50 |      13 |  20.6 |      27 |       6 |  18.2
        D:2 |     160 |      35 |  17.9 |      30 |       1 |   3.2
        D:3 |      68 |     127 |  65.1 |      22 |      10 |  31.2
        D:4 |     193 |       0 |   0.0 |      12 |       0 |   0.0
            +---------+---------+-------+---------+---------+-------
